 Dungeon Crawl Stone Soup version 0.25-a0-505-gae4569222e (webtiles) character file.

Game seed: 1120152325038134236, levelgen mode: deterministic

26922 fml2 the Fencer (level 13, -15/116 HPs)
             Began as a Grey Draconian Berserker on Feb 14, 2020.
             Was a Priest of Trog.
             Demolished by a seven-headed hydra (30 damage)
             ... on level 6 of the Lair of Beasts.
             The game lasted 01:19:37 (15646 turns).

fml2 the Fencer (Grey Draconian Berserker)         Turns: 15646, Time: 01:19:38

Health: -15/116    AC: 18    Str: 26    XL:     13   Next: 1%
Magic:  8/13       EV: 17    Int:  7    God:    Trog [***...]
Gold:   701        SH:  0    Dex: 13    Spells: 12/12 levels left

rFire    . . .     SeeInvis .   y - +0 mace (holy)
rCold    . . .     Gourm    .   (no shield)
rNeg     . . .     Faith    .   (armour unavailable)
rPois    .         Spirit   .   (helmet restricted)
rElec    .         Reflect  .   c - +2 cloak
rCorr    .         Harm     .   (no gloves)
MR       +....                  J - +1 pair of boots {Stlth+}
Stlth    ++++......             t - amulet of magic regeneration
HPRegen  0.29/turn              u - ring of protection from magic
MPRegen  0.38/turn              r - +3 ring of dexterity

@: sleeping, berserk cooldown, slowed
A: walk through water, unfitting armour, unbreathing, cold-blooded, AC +13
a: Berserk, Trog's Hand, Renounce Religion


You were on level 6 of the Lair of Beasts.
You worshipped Trog.
Trog was most pleased with you.
You were very hungry.

You visited 2 branches of the dungeon, and saw 14 of its levels.
You also visited: Ossuary.

You collected 743 gold pieces.
You spent 42 gold pieces at shops.

Inventory:

Hand Weapons
 v - a cursed -1 hunting sling
 y - a +0 mace of holy wrath (weapon)
 E - a +2 antimagic great sword
Missiles
 i - 3 atropa-tipped darts (quivered)
 M - 3 boomerangs
 O - 4 throwing nets
 R - 21 poisoned darts
Armour
 c - a +2 cloak (worn)
 J - a +1 pair of boots of stealth (worn)
Jewellery
 r - a +3 ring of dexterity (right hand)
 t - an amulet of magic regeneration (around neck)
 u - a ring of protection from magic (left hand)
 A - the cursed ring of Vuapn {EV-2 Dex+4}
   (You found it on level 6 of the Lair of Beasts)

   [ring of evasion]

   It affects your evasion (-2).
   It affects your dexterity (+4).
   It has a curse placed upon it.
Wands
 d - a wand of enslavement (16)
 w - a wand of flame (48)
 I - a wand of polymorph (8)
 P - a wand of paralysis (6)
 S - a wand of acid (21)
Scrolls
 e - 2 scrolls of immolation {unknown}
 f - 8 scrolls of remove curse
 h - 2 scrolls of enchant armour
 k - 9 scrolls of identify
 m - 2 scrolls of blinking {unknown}
 n - 2 scrolls of enchant weapon {unknown}
 o - 5 scrolls of teleportation
 C - 2 scrolls of amnesia
 F - a scroll of summoning {unknown}
 G - a scroll of noise {unknown}
 H - a scroll of fear {unknown}
 K - a scroll of fog {unknown}
 L - 3 scrolls of magic mapping {unknown}
Potions
 a - 2 potions of might {unknown}
 g - 2 potions of agility
 j - 2 potions of brilliance {unknown}
 l - a potion of mutation {unknown}
 p - 2 potions of ambrosia {unknown}
 q - 3 potions of haste
 s - a potion of resistance {unknown}
 x - a potion of degeneration {unknown}
 z - a potion of berserk rage {unknown}
 B - 3 potions of cancellation
 D - 4 potions of curing
 Q - 4 potions of flight
 T - a potion of magic {unknown}
Miscellaneous
 N - a phantom mirror
Comestibles
 b - 23 rations


   Skills:
 + Level 11.3 Fighting
 + Level 15.6 Long Blades
 + Level 1.7 Maces & Flails
 + Level 9.5 Dodging
 + Level 5.4 Stealth


You had 12 spell levels left.
You didn't know any spells.
Your spell library contained the following spells:

 Spells                   Type           Power        Failure   Level  Hunger
 Animate Skeleton         Necr           N/A          43%         1    ##.....
 Apportation              Tloc           #.....       43%         1    ##.....
 Beastly Appendage        Tmut           #.....       43%         1    ##.....
 Corona                   Hex            #......      43%         1    ##.....
 Summon Small Mammal      Summ           #...         43%         1    ##.....
 Call Imp                 Summ           #.......     56%         2    ###....
 Sticks to Snakes         Tmut           #.......     56%         2    ###....
 Call Canine Familiar     Summ           #.......     80%         3    ####...
 Spider Form              Tmut/Pois      #.........   80%         3    ####...
 Summon Guardian Golem    Hex/Summ       #.......     80%         3    ####...
 Ice Form                 Ice/Tmut       #.......     99%         4    #####..
 Summon Ice Beast         Ice/Summ       #.......     99%         4    #####..
 Summon Lightning Spire   Summ/Air       #.......     99%         4    #####..
 Blade Hands              Tmut           #.........   100%        5    ######.


Dungeon Overview and Level Annotations

Branches:
Dungeon (8/15)             Temple (0/1) D:4            Lair (6/6) D:8
  Swamp (0/4) Lair:2        Snake (0/4) Lair:3        Slime (0/5) Lair:5
Ossuary (visited)

Altars:
Ashenzari
Dithmenos
Fedhas
Kikubaaqudgha
Uskayaw
Vehumet
Yredelemnul
Zin
The Shining One
Jiyva

Shops:
D:4 =:*([   D:5 (

Annotations:
D:8 1 runed translucent door, vurker's ghost, novice FeAE


Innate Abilities, Weirdness & Mutations

You can walk through water.
Your dull iron-grey scales are very hard. (AC +13)
You cannot fit into any form of body armour.
You can survive without breathing.
You are cold-blooded and may be slowed by cold attacks.


Message History

* * * LOW HITPOINT WARNING * * *
The seven-headed hydra bites you but does no damage.
The seven-headed hydra bites you!
* * * LOW HITPOINT WARNING * * *
The seven-headed hydra misses you. The seven-headed hydra bites you!
* * * LOW HITPOINT WARNING * * *
The seven-headed hydra barely misses you.
You feel a strong urge to attack something.
You are no longer berserk.
You are exhausted.
You feel yourself slow down.
The dream sheep ruffle their wool and motes of dream dust sparkle, to no effect.
The dream sheep shake their wool and sparkle.
You feel drowsy...
You fall asleep.
The dream sheep closely misses you.
The dream sheep bites you but does no damage.
The dream sheep misses you. The dream sheep closely misses you.
The dream sheep misses you. The seven-headed hydra bites you!!
You die...

........## ##.P..<..!..
........P##### ...........
.......PP..#.# ..........
.##....PP.#.# ##...†.....
#####.......#### #...†......
#.#...........## ##.†........
###.............## ##.P.........
#...............Y###............
##.......#PP....@DY...P#........
##.....P##...##.Y....###.......
#......#.######..#### #....##
##.......# #### #####
##......#.# #........##
##.......# ##...#### #...#


You could see a seven-headed hydra and 3 dream sheep.

Vanquished Creatures
  Kirke (Lair:5)
  Harold (D:8)
  5 death yaks (Lair:2)
  2 black mambas
  6 spiny frogs
  6 komodo dragons
  2 rime drakes
  The ghost of TomasB23 the Skirmisher, an amateur DsGl (D:3)
  2 polar bears
  11 blink frogs
  5 hippogriffs
  5 dream sheep
  Sigmund (D:2)
  2 spriggans (Lair:2)
  15 yaks
  A basilisk (Lair:2)
  A hungry ghost (D:7)
  2 nagas (Lair:3)
  A hell hound (Lair:6)
  7 porcupines
  10 water moccasins
  2 orc warriors (D:8)
  A phantom (D:8)
  2 black bears (Lair:2)
  5 ogres
  2 wolves (Lair:2)
  10 crocodiles
  2 centaurs (D:6)
  14 bullfrogs
  4 water moccasin zombies (Ossuary)
  4 scorpions
  2 howler monkeys (D:8)
  A crimson imp (D:8)
  A jelly (D:7)
  A centaur zombie (D:7)
  3 hounds
  2 quasits (D:3)
  6 orc wizards
  8 orc priests
  Ijyb (D:5)
  An iguana (D:4)
  6 worker ants
  4 big kobold zombies (Ossuary)
  A hound zombie (D:8)
  A worker ant zombie (D:8)
  2 mummies (Ossuary)
  3 gnolls (D:6)
  8 adders
  2 shadow imps
  2 oozes
  4 adder zombies
  2 worms
  5 dart slugs
  8 leopard geckos
  31 orcs
  3 giant cockroaches
  7 goblins
  8 hobgoblins
  11 jackals
  11 kobolds
  3 quokkas
  2 ball pythons
  8 bats
  6 frilled lizards
  3 gnoll zombies (Ossuary)
  8 hobgoblin zombies (Ossuary)
  3 kobold zombies (Ossuary)
  A leopard gecko zombie (D:5)
  2 orc zombies (Ossuary)
  A quokka skeleton (D:4)
  12 rats
  5 fungi
  A plant (Lair:4)
333 creatures vanquished.

Vanquished Creatures (collateral kills)
  4 hydras
  4 komodo dragons
  9 dream sheep
  3 yaks (Lair:3)
  A porcupine (Lair:5)
21 creatures vanquished.

Vanquished Creatures (others)
  A dream sheep (Lair:5)
  2 humans (Lair:5)
  A water moccasin (Lair:5)
  2 fungi
6 creatures vanquished.

Grand Total: 360 creatures vanquished

Notes
Turn   | Place    | Note
-------+----------+-------------------------------------------
     0 | D:1      | fml2 the Draconian Berserker began the quest for the Orb.
     0 | D:1      | Reached XP level 1. HP: 19/19 MP: 1/1
   177 | D:1      | Reached XP level 2. HP: 26/26 MP: 2/2
   524 | D:1      | Reached XP level 3. HP: 30/33 MP: 3/3
   525 | D:1      | Reached ** piety under Trog
   687 | D:2      | Noticed Sigmund
   691 | D:2      | Killed Sigmund
   691 | D:2      | Reached skill level 4 in Long Blades
   691 | D:2      | Reached XP level 4. HP: 41/41 MP: 4/4
   691 | D:2      | Reached XP level 5. HP: 47/47 MP: 5/5
   744 | D:2      | Reached skill level 5 in Long Blades
   959 | D:2      | Reached XP level 6. HP: 53/55 MP: 6/6
   975 | D:2      | Found an ancient bone altar of Kikubaaqudgha.
  1446 | D:2      | You fall into a shaft and drop 1 floor!
  1452 | D:3      | Found a transporter.
  1460 | D:3      | Noticed TomasB23's ghost (amateur DsGl)
  1636 | D:3      | Killed TomasB23's ghost
  1636 | D:3      | Reached skill level 5 in Fighting
  1636 | D:3      | Reached skill level 1 in Stealth
  1636 | D:3      | Your scales start taking on a dull iron-grey colour.
  1636 | D:3      | Reached XP level 7. HP: 43/61 MP: 7/7
  1636 | D:3      | Gained mutation: You can survive without breathing. [Grey
                  | Draconian growth]
  1637 | D:3      | Found a transporter.
  1929 | D:3      | Reached *** piety under Trog
  2317 | D:3      | Found a blossoming altar of Fedhas.
  2556 | D:3      | Reached skill level 6 in Long Blades
  3267 | D:4      | Found Bucu's Antique Armour Emporium.
  3403 | D:4      | Found a sand-covered staircase.
  3404 | D:4      | Found Ciompiegh's Weapon Shoppe.
  3624 | D:4      | Found Allata's General Store.
  3638 | D:4      | Bought a +0 long sword for 42 gold pieces
  3667 | Ossuary  | Entered an ossuary
  3679 | Ossuary  | Reached **** piety under Trog
  3818 | Ossuary  | Reached skill level 5 in Dodging
  3826 | Ossuary  | Reached skill level 7 in Long Blades
  3847 | Ossuary  | Reached XP level 8. HP: 63/70 MP: 8/8
  3984 | D:4      | Found Herphoke's Book Shop.
  4019 | D:4      | Found Otyelalo's Jewellery Boutique.
  4090 | D:4      | Found a staircase to the Ecumenical Temple.
  4151 | D:5      | Entered Level 5 of the Dungeon
  4153 | D:5      | Found a basalt altar of Yredelemnul.
  4431 | D:5      | Found Lurod's Weapon Shoppe.
  4632 | D:5      | Noticed Ijyb
  4641 | D:5      | Killed Ijyb
  4641 | D:5      | Reached skill level 8 in Long Blades
  5261 | D:6      | Got a crystal dagger
  5305 | D:6      | Found a radiant altar of Vehumet.
  5413 | D:6      | Found a shadowy altar of Dithmenos.
  5413 | D:6      | Found a glowing golden altar of the Shining One.
  5448 | D:6      | Noticed a +0 hand axe
  5449 | D:6      | Noticed a +0 dagger
  5452 | D:6      | Found a hide-covered altar of Uskayaw.
  5492 | D:6      | Reached skill level 9 in Long Blades
  5714 | D:7      | Reached XP level 9. HP: 77/78 MP: 9/9
  5773 | D:7      | Reached ***** piety under Trog
  5773 | D:7      | Received a gift from Trog
  6409 | D:8      | Reached skill level 10 in Long Blades
  6593 | D:8      | Noticed vurker's ghost (novice FeAE)
  6613 | D:8      | Found a runed translucent door.
  6621 | D:8      | Noticed Harold
  6637 | D:8      | Killed Harold
  6659 | D:8      | Reached skill level 11 in Long Blades
  6659 | D:8      | Reached XP level 10. HP: 31/88 MP: 3/10
  6963 | D:8      | Found a shattered altar of Ashenzari.
  6974 | D:8      | Found a glowing silver altar of Zin.
  6999 | D:8      | Found a staircase to the Lair.
  7011 | Lair:1   | Entered Level 1 of the Lair of Beasts
  7741 | Lair:1   | Noticed a five-headed hydra
  7807 | Lair:1   | Killed a five-headed hydra
  7819 | Lair:1   | Noticed a black mamba
  7826 | Lair:1   | Killed a black mamba
  8326 | Lair:2   | Noticed a seven-headed hydra
  8344 | Lair:2   | Killed a seven-headed hydra
  8344 | Lair:2   | Reached skill level 12 in Long Blades
  8525 | Lair:2   | Reached skill level 1 in Maces & Flails
  8919 | Lair:2   | Noticed a five-headed hydra
  8939 | Lair:2   | Killed a five-headed hydra
  9234 | Lair:2   | Reached XP level 11. HP: 95/95 MP: 3/11
  9617 | Lair:2   | Found a staircase to the Swamp.
  9655 | Lair:2   | Noticed a death yak
  9657 | Lair:2   | Noticed a death yak
  9657 | Lair:2   | Noticed a death yak
  9658 | Lair:2   | Noticed a death yak
  9658 | Lair:2   | Noticed a death yak
  9676 | Lair:2   | Killed a death yak
  9680 | Lair:2   | Killed a death yak
  9683 | Lair:2   | Killed a death yak
  9683 | Lair:2   | Reached skill level 13 in Long Blades
  9687 | Lair:2   | Killed a death yak
  9694 | Lair:2   | HP: 1/97 [death yak (23)]
  9696 | Lair:2   | Killed a death yak
 10771 | Lair:3   | Noticed a four-headed hydra
 10800 | Lair:3   | Killed a four-headed hydra
 11219 | Lair:3   | Reached skill level 10 in Fighting
 11449 | Lair:3   | Reached skill level 14 in Long Blades
 11830 | Lair:3   | Reached XP level 12. HP: 106/106 MP: 4/12
 12194 | Lair:3   | Found a staircase to the Snake Pit.
 12337 | Lair:3   | Got a bloodstained ring mail
 12339 | Lair:3   | Identified the +4 ring mail of the Sky {rPois rC+ Str+4}
                  | (You found it on level 3 of the Lair of Beasts)
 13192 | Lair:4   | Reached skill level 5 in Stealth
 13669 | Lair:5   | Found a staircase to the Slime Pits.
 13670 | Lair:5   | Found a viscous altar of Jiyva.
 13700 | Lair:5   | Noticed Kirke
 13714 | Lair:5   | Killed Kirke
 13762 | Lair:5   | Reached skill level 15 in Long Blades
 14904 | Lair:6   | Entered Level 6 of the Lair of Beasts
 15322 | Lair:6   | Got a fine glass ring
 15359 | Lair:6   | Identified the cursed ring of Vuapn {EV-2 Dex+4} (You found
                  | it on level 6 of the Lair of Beasts)
 15620 | Lair:6   | Noticed a seven-headed hydra
 15627 | Lair:6   | Reached XP level 13. HP: 99/116 MP: 4/13
 15646 | Lair:6   | Demolished by a seven-headed hydra

Levels and vault maps discovered:
D:1:      mainiacjoe_arrival_reflecting_pool, layout_basic
D:2:      layout_loops_cross, lemuel_crystal_altar, first_ration,
          nrook_mini_vaults, uniq_sigmund
D:3:      cheibrodos_helix_gallery, layout_loops_corners,
          gammafunk_ghost_stat_death, fedhas_altar_2
D:4:      layout_basic, minmay_temple_entry_crystal_x, serial_shops, shop,
          shop_fountains, kennysheep_mini_moat, shop, nicolae_shop_behind_doors,
          enter_ossuary_1
D:5:      layout_loops_ring, yredelemnul_altar_generic, serial_shops, shop,
          uniq_ijyb
D:6:      layout_loops_ring, lemuel_crystal_altar, dancing_weapons_uskayaw,
          gammafunk_temple_overflow_statue
D:7:      layout_rooms
D:8:      layout_cave_pools, minitemple, dpeg_oklobed_lair,
          hellmonk_ghost_happy_afterlife, the_bakery, uniq_harold
Lair:1:   layout_gridlike
Lair:2:   layout_hall_layers, swamp_mist, forest_entry_grove
Lair:3:   layout_long_grid, guppyfry_snake_entry_garden
Lair:4:   layout_cave_pods
Lair:5:   layout_regular_city, slime_altar_1, infiniplex_staircase_pool,
          uniq_kirke
Lair:6:   cheibrodos_lair_end_hotspot, layout_cave_pods,
          minmay_lair_oklob_chamber

Skill      XL: |  1  2  3  4  5  6  7  8  9 10 11 12 |
---------------+-------------------------------------+-----
Fighting       | 4 5 6 7 8 10 11 | 11.3
Long Blades    | 4 5 7 9 11 12 14 15 | 15.6
Dodging        | 3 4 5 6 7 8 9 |  9.5
Stealth        | 1 2 3 4 5 |  5.4
Maces & Flails | 1 |  1.7

Action                   |  1- 3 |  4- 6 |  7- 9 | 10-12 | 13-15 || total
-------------------------+-------+-------+-------+-------+-------++-------
Melee: Falchion          |    68 |    77 |    92 |       |       ||   237
       Tailslap          |    13 |     7 |   102 |   106 |     3 ||   231
       Long sword        |       |       |   260 |       |       ||   260
       Great sword       |       |       |   118 |   429 |     3 ||   550
       Mace              |       |       |       |     7 |     3 ||    10
Invok: Berserk           |     2 |     1 |     3 |     6 |     1 ||    13
       Trog's Hand       |       |       |     2 |       |       ||     2
       Brothers in Arms  |       |       |       |     9 |       ||     9
  Use: Scroll            |       |       |     6 |    11 |       ||    17
       Potion            |       |       |       |    11 |       ||    11
 Stab: Sleeping          |       |       |     7 |     4 |       ||    11
       Distracted        |       |       |       |     2 |       ||     2
  Eat: Chunk             |       |     3 |    15 |    30 |       ||    48
       Ration            |       |     1 |     2 |     2 |       ||     5
Armor: Skin              |    23 |    28 |   164 |   156 |    14 ||   385
Dodge: Dodged            |    53 |    56 |   395 |   395 |    21 ||   920
       Rpst.: Falchion   |    18 |    16 |    27 |       |       ||    61
       Long sword        |       |       |    58 |       |       ||    58
       Great sword       |       |       |    37 |    97 |       ||   134

Table legend:
 A = Non-vault XP
 B = Vault XP
 C = Vault XP percentage of total XP
 D = Non-vault monster count
 E = Vault monster count
 F = Vault count percentage of total count
                 A         B        C        D         E       F
            +---------+---------+-------+---------+---------+-------
      Total |   32669 |    5792 |  15.1 |     301 |      47 |  13.5
            +---------+---------+-------+---------+---------+-------
        D:1 |      56 |       0 |   0.0 |      31 |       0 |   0.0
        D:2 |     119 |     238 |  66.7 |      24 |       1 |   4.0
        D:3 |      60 |     382 |  86.4 |      19 |       5 |  20.8
        D:4 |     293 |       0 |   0.0 |      20 |       0 |   0.0
        D:5 |     270 |      36 |  11.8 |      10 |       1 |   9.1
        D:6 |     822 |       0 |   0.0 |      25 |       0 |   0.0
        D:7 |     636 |       0 |   0.0 |      25 |       0 |   0.0
        D:8 |    1442 |    1007 |  41.1 |      29 |       1 |   3.3
     Lair:1 |    2189 |       0 |   0.0 |       9 |       0 |   0.0
     Lair:2 |    8422 |    1098 |  11.5 |      25 |       6 |  19.4
     Lair:3 |    6947 |     323 |   4.4 |      32 |       2 |   5.9
     Lair:4 |    2641 |       0 |   0.0 |      11 |       0 |   0.0
     Lair:5 |    4127 |    2080 |  33.5 |      19 |       1 |   5.0
     Lair:6 |    4645 |     151 |   3.1 |      22 |       1 |   4.3
    Ossuary |       0 |     477 | 100.0 |       0 |      29 | 100.0
            +---------+---------+-------+---------+---------+-------
